 Dungeon Crawl Stone Soup version 0.31-a0-963-ga325b2283a (webtiles) character file.

Game seed: 10447183684525430596

9 IndexError the Conjurer (level 2, 19/19 HPs)
             Began as a Demonspawn Conjurer on Oct 25, 2023.
             Quit the game on level 1 of the Dungeon.
             The game lasted 00:00:36 (200 turns).

IndexError the Conjurer (Demonspawn Conjurer)        Turns: 200, Time: 00:00:37

Health: 19/19      AC:  2    Str:  7    XL:     2   Next: 6%
Magic:  4/5        EV: 12    Int: 19    God:
Gold:   15         SH:  0    Dex: 11    Spells: 4/5 levels left

rFire   . . .        d - +0 hand axe
rCold   . . .        (no shield)
rNeg    . . .        a - +0 robe
rPois   .            (helmet restricted)
rElec   .            (no cloak)
rCorr   .            (no gloves)
SInv    .            (no boots)
Will    .....        (no amulet)
Stlth   ++           (no ring)
HPRegen 0.23/turn    (no ring)
MPRegen 0.09/turn

%: no passive effects
@: no status effects
A: antennae 1
a: no special abilities


You were on level 1 of the Dungeon.
You visited 1 branch of the dungeon, and saw 1 of its levels.

You collected 15 gold pieces.

Inventory:

Hand Weapons
 d - a +0 hand axe (weapon)
   (You found it on level 1 of the Dungeon)
 f - a +0 dagger
   (You took it off a goblin on level 1 of the Dungeon)
Missiles
 e - 5 boomerangs
Armour
 a - a +0 robe (worn)
Potions
 b - a potion of magic
 c - a potion of curing {unknown}


   Skills:
 - Level 1.7 Dodging
 - Level 1.7 Stealth
 + Level 2.3 Spellcasting
 + Level 4.2 Conjurations


You had 4 spell levels left.
You knew the following spells:

 Your Spells              Type           Power      Damage    Failure   Level
a - Magic Dart            Conj           72%        1d6       2%          1

Your spell library contained the following spells:

 Spells                   Type           Power      Damage    Failure   Level
 Searing Ray              Conj           36%        2d5       4%          2
 Dazzling Flash           Conj/Hex       20%        N/A       21%         3
 Fulminant Prism          Conj/Hex       5%         3d7       56%         4
 Iskenderun's Mystic Bla  Conj/Tloc      10%        2d4       56%         4


Dungeon Overview and Level Annotations

Branches:
Dungeon (1/15)

Altars:


Innate Abilities, Weirdness & Mutations

You have a pair of small antennae on your head.


Message History

Bad channel name 'Jiyva says' for runrest: 'Jiyva says: Divide and consume' Welcome, IndexError the Demonspawn Conjurer.
Everyone else who sought the Orb of Zot has failed.
Will you be different?
Press ? for a list of commands and other information.
Found an escape hatch in the floor.
Found a staircase leading out of the dungeon.
A rat comes into view.
The magic dart hits the rat.
You now have 2/3 mp.
You can't see any susceptible monsters within range! (Use Z to cast anyway.)
You can't see any susceptible monsters within range! (Use Z to cast anyway.) Magic restored.
c - a purple potion MP restored: 3 A malevolent force fills the Dungeon... and a teleportation trap spontaneously manifests!
You are yanked towards some nearby monsters!
Your surroundings suddenly seem different.
A bat, a giant cockroach, a ball python and a rat come into view.
The magic dart hits the giant cockroach.
You now have 2/3 mp.
The magic dart hits the giant cockroach but does no damage.
The bat closely misses you. The giant cockroach misses you.
The giant cockroach closely misses you.
You now have 1/3 mp.
The magic dart hits the giant cockroach.
The bat barely misses you. The bat closely misses you.
You now have 0/3 mp.
You are out of magic!
You are out of magic!
You hit the bat but do no damage. You punch the bat, but do no damage.
The bat closely misses you. The bat hits you but does no damage.
You hit the bat but do no damage. The bat closely misses you.
The bat hits you but does no damage. The bat closely misses you.
The bat closely misses you. The bat hits you but does no damage.
The bat hits you but does no damage.
The magic dart hits the bat.
The bat hits you.
You take 1 damage, and have 12/13 hp.
You now have 0/3 mp.
The bat hits you.
You take 1 damage, and have 11/13 hp.
The bat closely misses you.
You hit the bat. You hit the ball python. The ball python bites you.
The ball python closely misses you. The ball python misses you.
The ball python grabs you. The ball python constricts you.
You take 2 damage, and have 10/13 hp.
You hit the ball python. You hit the rat.
No target in view!
HP restored.
Found a stone staircase leading down.
d - a +0 hand axe Health restored: 13; MP restored: 3 A goblin comes into view.
It is wielding a +0 dagger.
A goblin is nearby!
You see here 5 boomerangs.
e - 5 boomerangs
d - a +0 hand axe (weapon)
The magic dart hits the goblin.
You now have 2/3 mp.
You can't see any susceptible monsters within range! (Use Z to cast anyway.)
You can't see any susceptible monsters within range! (Use Z to cast anyway.)
You now have 15 gold pieces.
You open the door.
There is an open door here.
A dart slug comes into view.
MP restored: 3 A dart slug is nearby!
A dart slug is nearby!
The magic dart hits the dart slug.
The dart slug launches a dart at you. The slug dart misses you.
You now have 2/3 mp.
The magic dart hits the dart slug.
You have reached level 2!
You feel monstrous as your demonic heritage exerts itself.
Your demonic ancestry asserts itself...
A pair of antennae grows on your head!
Health restored: 19 You now have 1/5 mp.
You can't see any susceptible monsters within range! (Use Z to cast anyway.)
You can't see any susceptible monsters within range! (Use Z to cast anyway.) Search for what [? for help]? dagger
Things that are here:
a +0 dagger; a goblin corpse You regained 3 mp, and now have 4/5 mp.
f - a +0 dagger Are you sure you want to abandon this character and quit the game? (Confirm with "yes".)

......#.....♣ ..
............♣P.~~
............PP~~
............♣♣P
............♣♣
#............♣♣♣♣♣
.......###.......# #
.................#.##
................@...#
.#...............####
####......###.#......
...'......# #.#######
####......# #.#
#......# #.. #####.##
### #.# .#


There were no monsters in sight!

Vanquished Creatures
  A dart slug (D:1)
  A ball python (D:1)
  A bat (D:1)
  A giant cockroach (D:1)
  A goblin (D:1)
  2 rats (D:1)
7 creatures vanquished.

Notes
Turn   | Place    | Note
-------+----------+-------------------------------------------
     0 | D:1      | IndexError the Demonspawn Conjurer began the quest for the
                  | Orb.
     0 | D:1      | Reached XP level 1. HP: 13/13 MP: 3/3
   167 | D:1      | Discovered your monstrous ancestry.
   167 | D:1      | Gained mutation: You have a pair of small antennae on your
                  | head. [demonic ancestry]
   167 | D:1      | Reached XP level 2. HP: 19/19 MP: 1/5
   200 | D:1      | Quit the game

Illustrated notes

Levels and vault maps discovered:
D:1:      ebering_trefoil_twist, layout_basic, serial_forest,
          infiniplex_forest_straight_3, infiniplex_forest_end_1,
          infiniplex_forest_corner_1, infiniplex_forest_pool,
          infiniplex_forest_zigzag_2, infiniplex_forest_lined_room_2,
          infiniplex_forest_corner_1, infiniplex_forest_end_3,
          infiniplex_forest_split, minmay_strange_pillars, minmay_box_of_dots

Action                     || total
---------------------------++-------
  Melee: Unarmed           ||     6
         Punch             ||     1
   Cast: Magic Dart        ||     8
 Armour: Robe              ||     7
  Dodge: Dodged            ||    13

Table legend: (Time is in decaauts)
 A = Elapsed time spent in this place.
 B = Non-inter-level travel time spent in this place.
 C = Inter-level travel time spent in this place.
 D = Time resting spent in this place.
 E = Time spent auto-exploring this place.
 F = Levels seen in this place.
 G = Mean time per level.
                   A        B        C        D        E       F      G
               +--------+--------+--------+--------+--------+-----+--------+
         Total |    199 |    167 |     32 |      0 |    126 |   1 |  199.0 |
       Dungeon |    199 |    167 |     32 |      0 |    126 |   1 |  199.0 |
               +--------+--------+--------+--------+--------+-----+--------+

Top non-repeatable levels by time:
     D:1: 199 daAuts

Levels and vault maps discovered:
D:1:      ebering_trefoil_twist, layout_basic, serial_forest,
          infiniplex_forest_straight_3, infiniplex_forest_end_1,
          infiniplex_forest_corner_1, infiniplex_forest_pool,
          infiniplex_forest_zigzag_2, infiniplex_forest_lined_room_2,
          infiniplex_forest_corner_1, infiniplex_forest_end_3,
          infiniplex_forest_split, minmay_strange_pillars, minmay_box_of_dots

Table legend: (Time is in decaauts)
 A = Elapsed time spent in this place.
 B = Non-inter-level travel time spent in this place.
 C = Inter-level travel time spent in this place.
 D = Time resting spent in this place.
 E = Time spent auto-exploring this place.
 F = Levels seen in this place.
 G = Mean time per level.
                   A        B        C        D        E       F      G
               +--------+--------+--------+--------+--------+-----+--------+
         Total |    199 |    167 |     32 |      0 |    126 |   1 |  199.0 |
       Dungeon |    199 |    167 |     32 |      0 |    126 |   1 |  199.0 |
               +--------+--------+--------+--------+--------+-----+--------+

Top non-repeatable levels by time:
     D:1: 199 daAuts

Table legend:
 A = Kills in this place as a percentage of kills in the entire game.
 B = Kills by you in this place as a percentage of kills by you in the entire game.
 C = Kills by friends in this place as a percentage of kills by friends in the entire game.
 D = Other kills in this place as a percentage of other kills in the entire game.
 E = Experience gained in this place as a percentage of experience gained in the entire game.
 F = Experience gained in this place divided by the number of levels of this place that you have seen.
                   A       B       C       D       E      F
               +-------+-------+-------+-------+-------+----------------------
         Total | 100.0 | 100.0 |   N/A |   N/A | 100.0 |  14.0
       Dungeon | 100.0 | 100.0 |   N/A |   N/A | 100.0 |  14.0
               +-------+-------+-------+-------+-------+----------------------
